 Dungeon Crawl Stone Soup version 0.17-a0-1368-g6ab37f2 (webtiles) character file.

67 abixa the Conjurer (level 3, -5/26 HPs)
             Began as a Demigod Conjurer on June 12, 2015.
             Slain by an orc
             ... wielding a +0 trident
              (8 damage)
             ... on level 3 of the Dungeon.
             The game lasted 00:07:30 (1807 turns).

abixa the Conjurer (Demigod Conjurer)               Turns: 1807, Time: 00:07:30

Health: -5/26      AC:  4    Str: 11    XL:     3   Next: 72%
Magic:  8/8        EV: 12    Int: 21    God:
Gold:   33         SH:  0    Dex: 16    Spells: 2 memorised, 2 levels left

rFire  . . .     SeeInvis .     k - +0 dagger (venom)
rCold  . . .     Clarity  .     a - +0 robe
rNeg   . . .     SustAt   +     (no shield)
rPois  .         Gourm    .     (no helmet)
rElec  .         Spirit   .     l - +0 cloak
rCorr  .         Warding  .     (no gloves)
rMut   .         Stasis   .     j - +0 pair of boots
MR     .....                    (no amulet)
Stlth  ++........               (no ring)
                                (no ring)

@: not resistant to hostile enchantments, unstealthy
A: high mp 1, sustain attributes
a: no special abilities


You were on level 3 of the Dungeon.
You were near starving.

You visited 1 branch of the dungeon, and saw 3 of its levels.

You collected 33 gold pieces.

Inventory:

Hand weapons
 k - a +0 dagger of venom (weapon)
Missiles
 f - 6 tomahawks
 g - 24 stones (quivered)
 i - 4 javelins
 n - 48 sling bullets
 w - 2 curare-tipped needles
Armour
 a - a +0 robe (worn)
 j - a +0 pair of boots (worn)
 l - a +0 cloak (worn)
 s - a +0 ring mail
Scrolls
 e - 2 scrolls of enchant armour {unknown}
 h - a scroll of identify {unknown}
 o - a scroll of recharging {unknown}
 p - a scroll of random uselessness {unknown}
 r - 2 scrolls of teleportation {unknown}
Potions
 m - a potion of poison {unknown}
 t - 2 potions of haste {unknown}
 u - a potion of flight {unknown}
 v - a potion of lignification {unknown}
 x - a potion of might {unknown}
Books
 b - a book of Conjurations

   Spells                             Type                      Level
   a - Magic Dart                     Conjuration                  1
   b - Searing Ray                    Conjuration                  2
   c - Dazzling Spray                 Conjuration/Hexes            3
   d - Fulminant Prism                Conjuration/Hexes            4
   e - Iskenderun's Mystic Blast      Conjuration                  4
   f - Iskenderun's Battlesphere      Conjuration/Charms           5
Comestibles
 c - a bread ration
 d - 3 slices of pizza
 q - 2 fruits


   Skills:
 - Level 1.7 Dodging
 - Level 1.7 Stealth
 - Level 1.7 Spellcasting
 + Level 5.1 Conjurations


You had 2 spell levels left.
You knew the following spells:

 Your Spells              Type           Power        Failure   Level  Hunger
a - Magic Dart            Conj           ###.         1%          1    #......
b - Searing Ray           Conj           ###...       2%          2    ###....


Dungeon Overview and Level Annotations

Branches:
Dungeon (3/15)

Annotations:
D:3 Sigmund


Innate Abilities, Weirdness & Mutations

You have an increased reservoir of magic (+10% MP).
Your attributes are resistant to harm.


Message History

The goblin closely misses you.
You kill the goblin!
There is a stone staircase leading down here.
You start resting.
Your magical contamination has completely faded away.
You start resting.
Magic restored.
You start resting.
You are near starving!
You climb downwards.
Level annotation: Sigmund The orc hits you with a trident!
There is a stone staircase leading up, spattered with blood here.
You hit the orc but do no damage.
The orc is poisoned.
The orc hits you with a trident!
* * * LOW HITPOINT WARNING * * *
You hit the orc.
The orc looks even sicker.
The orc is moderately wounded.
The orc hits you with a trident!
You die...

...>...
.......
.......
..... ....
#.. #o##
#.@#
#......#
#......###
##.....#
#.....#
#.....#
#.....#
#.....#


You could see an orc.

Vanquished Creatures
  2 adders (D:2)
  A worm (D:2)
  2 giant geckos
  2 giant cockroaches
  11 hobgoblins
  3 jackals (D:1)
  A ball python (D:2)
  5 bats
  3 giant newts
  2 goblins (D:2)
  6 kobolds
  4 rats
42 creatures vanquished.

Notes
Turn   | Place    | Note
--------------------------------------------------------------
     0 | D:1      | abixa the Demigod Conjurer began the quest for the Orb.
     0 | D:1      | Reached XP level 1. HP: 14/14 MP: 5/5
   161 | D:1      | Reached skill level 4 in Conjurations
   237 | D:1      | Reached XP level 2. HP: 20/20 MP: 1/7
   773 | D:2      | Learned a level 2 spell: Searing Ray
   857 | D:2      | Reached XP level 3. HP: 13/26 MP: 1/8
  1193 | D:2      | Reached skill level 5 in Conjurations
  1246 | D:2      | Found an ancient bone altar of Kikubaaqudgha.
  1285 | D:2      | Found a white marble altar of Elyvilon.
  1554 | D:3      | Found a faded altar to an unknown god.
  1571 | D:3      | Noticed Sigmund
  1807 | D:3      | Slain by an orc

Vault maps used:
D:1:      arrival_zaba_pyramid, hex_tiny
D:2:      kiku_gazebo_garden_becter, elyvilon_altar_5
D:3:      first_bread, ecumenical_altar_1, st_stairs_5, uniq_iyjb, uniq_natasha,
          uniq_terence, uniq_sigmund

Action                   || total
-------------------------++-------
Melee: Dagger            ||    40
 Cast: Magic Dart        ||    49
       Searing Ray       ||     2
 Stab: Sleeping          ||     4
  Eat: Chunk             ||     2
